 Dungeon Crawl Stone Soup version 0.26-b1-32-g5d43845318 (webtiles) character file.

Game seed: 2677356982435455590

105 raceaflais the Covert (level 4, -4/33 HPs)
             Began as a Vampire Brigand on Jan 5, 2021.
             Slain by a gnoll
             ... wielding a +0 spear
              (8 damage)
             ... on level 3 of the Dungeon.
             The game lasted 00:08:33 (1884 turns).

raceaflais the Covert (Vampire Brigand)             Turns: 1884, Time: 00:08:33

Health: -4/33      AC:  8    Str: 10    XL:     4   Next: 54%
Magic:  4/4        EV: 12    Int: 13    God:
Gold:   50         SH:  0    Dex: 16    Spells: 3/3 levels left

rFire    x . .     SeeInvis +   a - +2 dagger
rCold    + . .     Faith    .   (no shield)
rNeg     . . .     Spirit   .   b - +0 robe
rPois    .         Reflect  .   (no helmet)
rElec    .         Harm     .   c - +0 cloak
rCorr    .         Rampage  .   (no gloves)
Will     .....                  f - +0 pair of boots
Stlth    ++++......             (no amulet)
HPRegen  0.31/turn              h - +4 ring of protection
MPRegen  0.09/turn              m - ring of ice

@: regenerating quickly, hasted, very quick
A: fangs 3, see invisible, unbreathing
a: Exsanguinate


You were on level 3 of the Dungeon.
You visited 1 branch of the dungeon, and saw 3 of its levels.

You collected 50 gold pieces.

Inventory:

Hand Weapons
 a - a +2 dagger (weapon)
Missiles
 d - 6 poisoned darts (quivered)
 e - 2 curare-tipped darts
 g - 56 stones
 o - 22 bolts
Armour
 b - a +0 robe (worn)
 c - a +0 cloak (worn)
 f - a +0 pair of boots (worn)
 k - a +0 cloak
Jewellery
 h - a +4 ring of protection (left hand)
 m - a ring of ice (right hand)
Scrolls
 j - 2 scrolls of remove curse
 l - 4 scrolls of teleportation
 n - a scroll of fog
 q - a scroll of amnesia
 s - a scroll of identify
Potions
 i - a potion of ambrosia


   Skills:
 + Level 1.9 Fighting
 + Level 2.6 Short Blades
 + Level 2.1 Throwing
 + Level 1.3 Dodging
 + Level 8.2 Stealth


You had 3 spell levels left.
You didn't know any spells.
Your spell library was empty.

Dungeon Overview and Level Annotations

Branches:
Dungeon (3/15)

Altars:
Uskayaw
Xom
Zin


Innate Abilities, Weirdness & Mutations

Your natural rate of healing is unusually fast.
You have razor-sharp teeth.
You have supernaturally acute eyesight. (SInv)
You can survive without breathing.


Message History

You don't know any spells.
It was a potion of curing.
You feel better.
You feel less invigorated. The gnoll closely misses you.
The gnoll barely misses you. The gnoll closely misses you.
The gnoll hits you with a +0 flail.
You hit the gnoll.
You kill the gnoll!
The rat barely misses you. The gnoll misses you. x2
The gnoll hits you from afar with a cursed -1 spear.
The rat closely misses you.
There is a stone staircase leading up here.
You see here a +0 flail.
You barely miss the rat.
The gnoll hits you from afar with a +0 spear.
* * * LOW HITPOINT WARNING * * *
The gnoll hits you from afar with a cursed -1 spear.
* * * LOW HITPOINT WARNING * * *
You hit the rat.
You kill the rat!
The gnoll hits you from afar with a +0 spear!
You die...

......##
....... #
.....# .
#......+ ..
###.#..).##...
...gg........
###.#.#...#.#
#....g@.....#
#.#+#.†.....!.
#.........#...
#...$..#### .
##....!#
##....# #....#
#(...# #....#


You could see 3 gnolls.

Vanquished Creatures
  4 adders (D:2)
  A gnoll (D:3)
  2 oozes (D:2)
  A worm (D:2)
  2 dart slugs (D:1)
  A leopard gecko (D:1)
  2 giant cockroaches (D:1)
  8 goblins
  3 hobgoblins
  4 jackals (D:2)
  A quokka (D:3)
  A ball python (D:2)
  6 bats
  2 frilled lizards
  7 kobolds
  5 rats
50 creatures vanquished.

Notes
Turn   | Place    | Note
-------+----------+-------------------------------------------
     0 | D:1      | raceaflais the Vampire Brigand began the quest for the Orb.
     0 | D:1      | Reached XP level 1. HP: 16/16 MP: 1/1
    32 | D:1      | Reached skill level 6 in Stealth
   291 | D:1      | Reached XP level 2. HP: 22/22 MP: 2/2
  1101 | D:2      | Reached skill level 7 in Stealth
  1101 | D:2      | Reached XP level 3. HP: 27/27 MP: 3/3
  1379 | D:2      | Found a glowing silver altar of Zin.
  1382 | D:2      | Reached XP level 4. HP: 33/33 MP: 4/4
  1392 | D:2      | Noticed an angel
  1396 | D:2      | Found a shimmering altar of Xom.
  1396 | D:2      | Found a hide-covered altar of Uskayaw.
  1798 | D:2      | Reached skill level 8 in Stealth
  1877 | D:3      | HP: 1/33 [gnoll/cursed -1 spear (5)]
  1884 | D:3      | Slain by a gnoll

Illustrated notes

Levels and vault maps discovered:
D:1:      dpeg_arrival_rooms_with_view, layout_basic, serial_co_window_serial,
          co_window_corner_a, co_window_paths_b, co_window_paths_b,
          co_window_paths_a, co_window_corner_a, co_window_broadway_b,
          co_window_paths_c, co_window_of_opportunity_b,
          co_window_of_opportunity_b, co_window_4corner_b, co_window_paths_e,
          glass_columns_a, glass_columns_c, corner_web_ring, minmay_pentomino_t4
D:2:      layout_loops_ring, grunt_temple_overflow_order_and_chaos_1,
          general_overflow_altar, kennysheep_path_1
D:3:      layout_basic, kennysheep_nub, kennysheep_generic_room_15

Skill      XL: |  1  2  3  4 |
---------------+-------------+-----
Stealth        | 6 7 8 |  8.2
Throwing       | 2 |  2.1
Fighting       | |  1.9
Short Blades   | |  2.6
Dodging        | |  1.3

Action                   |  1- 3 |  4- 6 || total
-------------------------+-------+-------++-------
Melee: Dagger            |    76 |    50 ||   126
       Bite              |     3 |     2 ||     5
Throw: Dart              |     8 |     1 ||     9
  Use: Potion            |     2 |     3 ||     5
       Scroll            |     5 |     2 ||     7
 Stab: Sleeping          |    12 |     4 ||    16
Armor: Robe              |    15 |    24 ||    39
Dodge: Dodged            |    37 |    35 ||    72
